cohdb
Replays
Latest Replays
All Replays
Popular Replays
Top Player Replays
Match Explorer
How It Works
Community
CoH3 Stats
Reddit
Sign in to upload your games and track your stats! →
Sign in with Steam
Match 47265331
Unlisted
Match 47265331
Overview
Messages
Build Orders
End
Construct Weapon Support Center
Selects Airborne Battlegroup
Selects Pathfinders
Pathfinder Squad
M1919 Machine Gun Team
Engineer Squad
M1919 Machine Gun Team
Bazooka Squad
Infantry Support Center
Construct Medical Station
M3 Armored Personnel Carrier
Selects Paratrooper Squad Paradrop
Paratrooper Squad Paradrop
Bazooka Squad
Improved M9 Bazooka Rockets
Selects Anti-tank Gun Team Paradrop
Jarl
Akkerman
0
0
Comments
sign in to comment!
No comments posted yet!